 Dungeon Crawl Stone Soup version 0.24-a0-228-g05560da (webtiles) character file.

Game seed: 3452191117307228471

1591 Kurtz the Cleaver (level 8, -10/62 HPs)
             Began as a Mummy Chaos Knight on Apr 1, 2019.
             Was a Plaything of Xom.
             Mangled by an ogre
             ... wielding a +0 giant club
              (13 damage)
             ... on level 5 of the Dungeon.
             The game lasted 00:08:48 (5423 turns).

Kurtz the Cleaver (Mummy Chaos Knight)              Turns: 5423, Time: 00:08:49

Health: -10/62     AC:  8    Str: 16      XL:     8   Next: 61%
Magic:  0/3        EV: 11    Int: 10 (11) God:    Xom [*.....]
Gold:   231        SH:  0    Dex: 13      Spells: 6/10 levels left

rFire    x . .     SeeInvis .   o - +4 hand axe of Ascent {antimagic, rElec}
rCold    + . .     Gourm    .   (no shield)
rNeg     + + +     Faith    .   b - +2 leather armour
rPois    ∞         Spirit   +   (no helmet)
rElec    +         Reflect  .   d - scarf {Spirit}
rCorr    .         Harm     +   u - +2 pair of gloves
MR       +....                  (no boots)
Stlth    +.........             l - amulet of harm
HPRegen  0.20/turn              (no ring)
MPRegen  0.08/turn              (no ring)

@: very slightly contaminated
A: no food or potions, fire vulnerability, cold resistance 1, negative energy
resistance 3, torment resistance, unbreathing
a: Renounce Religion


You were on level 5 of the Dungeon.
You worshipped Xom.
You were a special plaything of Xom.
You were not hungry.

You visited 1 branch of the dungeon, and saw 6 of its levels.

You collected 231 gold pieces.

Inventory:

Hand Weapons
 a - a +0 hand axe of chaos
 i - a +0 club
 o - the +4 hand axe of Ascent (weapon) {antimagic, rElec}
   (You found it on level 4 of the Dungeon)

   It reduces the magical energy of the wielder, and disrupts the spells and
   magical abilities of those hit.
   Natural abilities and divine invocations are not affected.
   It insulates you from electricity.
 p - a +3 flail
 s - a +1 whip of flaming
Missiles
 n - a javelin (quivered)
Armour
 b - a +2 leather armour (worn)
 d - a scarf of spirit shield (worn)
 q - a +2 robe of magic resistance
 r - a +0 chain mail
 u - a +2 pair of gloves (worn)
Jewellery
 l - an amulet of harm (around neck)
Scrolls
 c - 10 scrolls of identify
 e - 3 scrolls of teleportation {unknown}
 f - a scroll of magic mapping {unknown}
 g - 2 scrolls of enchant weapon {unknown}
 h - a scroll of fear {unknown}
 j - 8 scrolls of remove curse {unknown}
 k - 3 scrolls of enchant armour {unknown}
 m - a scroll of noise {unknown}
 t - a scroll of fog {unknown}


   Skills:
 - Level 5.0 Fighting
 * Level 8.5 Axes
 + Level 1.8 Armour
 * Level 1.3 Dodging
 - Level 1.5 Spellcasting
 * Level 1.4 Hexes


You had 6 spell levels left.
You knew the following spells:

 Your Spells              Type           Power        Failure   Level  Hunger
a - Tukima's Dance        Hex            #.......     56%         3    N/A
b - Corona                Hex            #......      22%         1    N/A

Your spell library contained the following spells:

 Spells                   Type           Power        Failure   Level  Hunger
 Ensorcelled Hibernation  Hex/Ice        #.....       41%         2    N/A
 Confuse                  Hex            #.......     56%         3    N/A
 Dazzling Spray           Conj/Hex       #.....       65%         3    N/A

Dungeon Overview and Level Annotations

Branches:
Dungeon (6/15)
 Temple: D:4-7

Altars:
Ashenzari
Dithmenos
Hepliaklqana
Kikubaaqudgha
Vehumet
Wu Jian
Xom
The Shining One

Shops:
D:4 :   D:5 (


Innate Abilities, Weirdness & Mutations

You do not eat or drink.
Your flesh is vulnerable to fire.
You are immune to poison.
Your flesh is cold resistant. (rC+)
You are immune to negative energy. (rN+++)
You are immune to unholy pain and torment.
You can survive without breathing.


Message History

The ogre hits you but does no damage.
You hit the ogre.
The ogre is heavily wounded.
You hit the ogre.
The ogre is severely wounded.
You hit the small abomination. You closely miss the small abomination.
The ogre hits you with a +0 giant club!!
A shower of butterflies erupts from you!
The small abomination barely misses you.
You are too injured to fight recklessly!
Unknown command.
You hit the ogre.
The ogre is severely wounded.
You barely miss the small abomination. x2; The small abomination hits you!
* * * LOW HITPOINT WARNING * * *
Xom is interested.
A shower of butterflies erupts from you!
The small abomination misses you. The ogre hits you with a +0 giant club!
You die...
Xom snickers! ##.# #.# #..#.#.#.#.....#......# ##+###.# ##(#.#.#.#.###.#.#....# .......# #...#.#<#.#.....+..... ......## ##..#.###.#.#.#.#....# ......# #..#b# #.#.#.#.#....# ......# ##.#b# #.#.#.#.#....# ......# #bbb# #.#...#.#....# ......# #bxx#

#.#####.####.# ......#
#xO@# #.......# #.#
......# #b### #########
#.# ......# #.# ########.#
##############.#
#........# #.......#
#.######## #.#######
#.##......
#.###############.##.####.
#.................##.# #.
################.....# #!


You could see an ogre and 3 small abominations.

Vanquished Creatures
  Pikel (D:4)
  Sigmund (D:3)
  Eustachio (D:4)
  A sky beast (D:5)
  3 slaves (D:4)
  An ogre (D:4)
  2 centaurs
  A crimson imp (D:5)
  An orc priest (D:4)
  2 hounds (D:4)
  2 orc wizards (D:4)
  An iguana (D:5)
  4 gnolls (D:3)
  9 adders
  An ooze (D:1)
  3 worms
  4 dart slugs
  4 leopard geckos
  14 orcs
  5 bats
  2 giant cockroaches
  10 goblins
  5 hobgoblins
  6 jackals
  A quokka (D:2)
  4 frilled lizards
  A jackal skeleton (D:4)
  8 kobolds
  A leopard gecko zombie (D:5)
  A quokka skeleton (D:5)
  10 rats
110 creatures vanquished.

Vanquished Creatures (collateral kills)
  Grinder (D:4)
  A giant cockroach (D:4)
2 creatures vanquished.

Vanquished Creatures (others)
  A dancing weapon (D:4)
  An ooze (D:3)
  A ball python (D:4)
3 creatures vanquished.

Grand Total: 115 creatures vanquished

Notes
Turn   | Place    | Note
-------+----------+-------------------------------------------
     0 | D:1      | Kurtz the Mummy Chaos Knight began the quest for the Orb.
     0 | D:1      | Reached XP level 1. HP: 18/18 MP: 1/1
   106 | D:1      | XOM: potion effect (agility)
   112 | D:1      | XOM: harmless Air miscast
   126 | D:1      | Found a shattered altar of Ashenzari.
   130 | D:1      | Reached XP level 2. HP: 24/24 MP: 2/2
   210 | D:1      | Reached skill level 3 in Axes
   391 | D:1      | Reached XP level 3. HP: 24/29 MP: 3/3
   425 | D:1      | XOM: smoke on damage
   464 | D:1      | XOM: silly message
   603 | D:1      | XOM: harmless Chrm miscast
   825 | D:2      | XOM: noise
   899 | D:2      | Reached XP level 4. HP: 31/35 MP: 4/4
  1078 | D:2      | Learned a level 3 spell: Tukima's Dance
  1283 | D:3      | Reached skill level 4 in Axes
  1429 | D:3      | XOM: harmless Fire miscast
  1709 | D:3      | Reached skill level 1 in Spellcasting
  1709 | D:3      | Reached XP level 5. HP: 38/42 MP: 4/6
  1713 | D:3      | Learned a level 1 spell: Corona
  1818 | D:3      | XOM: 1-stop teleportation journey
  1848 | D:3      | XOM: noise
  1897 | D:3      | Found a radiant altar of Vehumet.
  1950 | D:3      | Found a hazy altar of Hepliaklqana.
  1951 | D:3      | Found a shimmering altar of Xom.
  1952 | D:3      | Noticed a spectral ugly thing
  1961 | D:3      | XOM: summons 1 hostile demon
  2056 | D:3      | Noticed Sigmund
  2264 | D:3      | XOM: 6-stop teleportation journey
  2280 | D:4      | Noticed an ogre
  2284 | D:4      | XOM: potion effect (agility)
  2288 | D:4      | Killed an ogre
  2288 | D:4      | Reached skill level 1 in Hexes
  2378 | D:4      | Found Qeduom's Book Emporium.
  2451 | D:4      | Found an ancient bone altar of Kikubaaqudgha.
  2492 | D:4      | Reached XP level 6. HP: 30/48 MP: 3/8
  2634 | D:4      | Got a transparent hand axe
  2635 | D:4      | Identified the +4 hand axe of Ascent {antimagic, rElec}
                  | (You found it on level 4 of the Dungeon)
  2649 | D:4      | Noticed Eustachio
  2667 | D:3      | XOM: harmless Conj miscast
  2670 | D:3      | Killed Sigmund
  2670 | D:3      | Reached skill level 5 in Axes
  2883 | D:3      | Found a glowing golden altar of the Shining One.
  2884 | D:3      | Found an ornate altar of the Wu Jian Council.
  3027 | D:4      | XOM: harmless Tloc miscast
  3029 | D:4      | Noticed Grinder
  3030 | D:4      | XOM: summons friendly shadow imp
  3042 | D:4      | Killed Grinder
  3042 | D:4      | Reached skill level 6 in Axes
  3042 | D:4      | Reached XP level 7. HP: 41/55 MP: 3/9
  3284 | D:4      | XOM: cast spell 'Death Channel'
  3291 | D:4      | XOM: summons friendly white imp
  3293 | D:4      | XOM: divination: detect items
  3297 | D:4      | Killed Eustachio
  3384 | D:4      | XOM: medium Air miscast
  3580 | D:4      | Noticed Pikel
  3602 | D:4      | XOM: cast spell 'Summon Small Mammal'
  3607 | D:4      | XOM: confuse monster(s)
  3611 | D:4      | XOM: divination: magic mapping
  3646 | D:4      | XOM: harmless Pois miscast
  3667 | D:4      | XOM: divination: detect creatures
  3679 | D:4      | XOM: potion effect (invisibility)
  3694 | D:4      | XOM: divination: detect items
  3704 | D:4      | XOM: cast spell 'Call Canine Familiar'
  3717 | D:4      | XOM: harmless Chrm miscast
  3725 | D:4      | XOM: harmless Ice miscast
  3734 | D:4      | XOM: silly message
  3740 | D:4      | XOM: divination: detect items
  3742 | D:4      | XOM: potion effect (brilliance)
  3754 | D:4      | XOM: potion effect (heal wounds)
  3771 | D:4      | Killed Pikel
  3771 | D:4      | Reached skill level 7 in Axes
  3771 | D:4      | Reached XP level 8. HP: 14/61 MP: 1/10
  4110 | D:4      | Reached skill level 5 in Fighting
  4136 | D:4      | XOM: harmless Erth miscast
  4137 | D:4      | XOM: smoke on damage
  4143 | D:4      | Reached skill level 8 in Axes
  4326 | D:5      | Entered Level 5 of the Dungeon
  4372 | D:5      | Reached skill level 1 in Dodging
  4707 | D:5      | Found Wufadil's Weapon Emporium.
  4897 | D:5      | Found a shadowy altar of Dithmenos.
  4901 | D:5      | XOM: summons 4 friendly demons
  5215 | D:5      | XOM: mild Fire miscast
  5413 | D:6      | XOM: stat loss: -1 Int (10/11)
  5420 | D:5      | XOM: medium Summ miscast
  5422 | D:5      | XOM: butterfly on damage
  5423 | D:5      | HP: 3/62 [small abomination[the severe capriciousness of
                  | Xom] (18)]
  5423 | D:5      | XOM: butterfly on damage
  5423 | D:5      | Mangled by an ogre

Levels and vault maps discovered:
D:1:      psy_arrival_radial01, layout_basic, evilmike_ruin_ashenzari
D:2:      layout_rooms, first_ration
D:3:      layout_loops_corners, regret_index_temple_of_mockery,
          fiery_altar_vehumet, minitemple, uniq_sigmund
D:4:      layout_gridville, kiku_gazebo_pond_becter, serial_shops,
          nicolae_shop_stone, grunt_ministairs_15, kennysheep_windowed_goal,
          uniq_grinder, uniq_pikel, uniq_eustachio
D:5:      layout_basic, kennysheep_little_box, serial_shops, shop
D:6:      layout_basic, nicolae_ru_path_of_blood, basic_altar

Skill      XL: |  1  2  3  4  5  6  7  8 |
---------------+-------------------------+-----
Axes           | 3 4 6 7 8 |  8.5
Spellcasting   | 1 |  1.5
Hexes          | 1 |  1.4
Fighting       | 4 5 |  5.0
Dodging        | 1 |  1.3
Armour         | |  1.8

Action                   |  1- 3 |  4- 6 |  7- 9 || total
-------------------------+-------+-------+-------++-------
Melee: Hand axe          |    88 |   144 |   151 ||   383
Throw: Javelin           |       |       |     1 ||     1
 Cast: Corona            |       |     7 |     7 ||    14
       Tukima's Dance    |       |       |     1 ||     1
  Use: Scroll            |       |     1 |       ||     1
 Stab: Paralysed         |     1 |       |       ||     1
       Sleeping          |     2 |     1 |       ||     3
       Confused          |       |     1 |       ||     1
       Invisible         |       |       |     4 ||     4
Armor: Leather armour    |    26 |    28 |    40 ||    94
       Robe              |       |       |    10 ||    10
Dodge: Dodged            |    56 |    74 |    84 ||   214

Table legend:
 A = Non-vault XP
 B = Vault XP
 C = Vault XP percentage of total XP
 D = Non-vault monster count
 E = Vault monster count
 F = Vault count percentage of total count
                 A         B        C        D         E       F
            +---------+---------+-------+---------+---------+-------
      Total |    1035 |    1239 |  54.5 |     103 |       6 |   5.5
            +---------+---------+-------+---------+---------+-------
        D:1 |      45 |       0 |   0.0 |      22 |       0 |   0.0
        D:2 |      78 |       0 |   0.0 |      24 |       0 |   0.0
        D:3 |     110 |     205 |  65.1 |      18 |       1 |   5.3
        D:4 |     458 |    1034 |  69.3 |      27 |       5 |  15.6
        D:5 |     344 |       0 |   0.0 |      12 |       0 |   0.0
            +---------+---------+-------+---------+---------+-------
